AoeStats
← Vilo41

Arabia

510157957Analyzed
1v1 RM · 2d ago on Sep 29, 2026· 50m 49s· 2 players
Game mode
Random Map
Map size
Tiny (2 player)
Population
200
Speed
Normal
Resources
Standard
Victory
Conquest
Starting age
Dark Age
Ending age
Imperial Age
RankedLock teamsTeams togetherTeam positionsShared explorationLock speedFull tech treeHidden civsTurbo modeCheats
Victory
Defeat
🇵🇹 Spanish · Portugal
507
+17
🇻🇪 Franks · Venezuela
520
-17
victor.forghani
8:34 Loom
11:35 Feudal Age
21:03 Castle Age
20:59 Bloodlines
21:34 Wheelbarrow
20:51 Double-Bit Axe
25:40 Forging
28:38 Scale Barding Armor
29:09 Iron Casting
32:56 Ballistics
36:21 Imperial Age
35:05 Chain Barding Armor
36:27 Hand Cart
37:07 Bow Saw
38:32 Conscription
39:36 Plate Barding Armor
40:05 Blast Furnace
40:14 Chemistry
39:10 Murder Holes
40:40 Elite Conquistador
40:52 Cavalier
41:33 Husbandry
44:53 Horse Collar
Vilo41
10:46 Feudal Age
12:30 Man-at-Arms
15:07 Double-Bit Axe
19:30 Wheelbarrow
22:46 Castle Age
21:03 Forging
23:20 Wheelbarrow
23:34 Padded Archer Armor
23:28 Fletching
25:14 Iron Casting
26:15 Pikeman
29:22 Bow Saw
31:07 Town Watch
31:38 Bodkin Arrow
32:30 Hand Cart
33:17 Town Patrol
39:25 Imperial Age
37:23 Scale Mail Armor
37:50 Squires
37:13 Crossbowman
38:28 Long Swordsman
41:09 Cavalier
44:34 Light Cavalry
48:26 Guard Tower
Connection lost

Rejoining the realm…

Still unreachable

The connection could not be restored.

Session expired

The server has moved on; the page needs a fresh start.